 Dungeon Crawl Stone Soup version 0.30.0-5-g1a98f26d00 (webtiles) character file.

Game seed: 1917221433946126581

115 Jackthecabe the Shooter (level 4, -2/29 HPs)
             Began as a Demonspawn Hexslinger on May 9, 2023.
             Slain by an orc
             ... wielding a +0 dagger
              (4 damage)
             ... on level 3 of the Dungeon.
             The game lasted 00:04:50 (2095 turns).

Jackthecabe the Shooter (Demonspawn Hexslinger)     Turns: 2095, Time: 00:04:51

Health: -2/29      AC:  3    Str:  8 (10) XL:     4   Next: 68%
Magic:  5/5        EV: 12    Int: 13      God:
Gold:   81         SH:  0    Dex: 17 (19) Spells: 4/5 levels left

rFire   . . .        b - +2 whip (venom)
rCold   . . .        (no shield)
rNeg    . . .        c - +0 robe
rPois   .            (helmet restricted)
rElec   .            (no cloak)
rCorr   .            (no gloves)
SInv    .            (no boots)
Will    .....        (no amulet)
Stlth   ++           (no ring)
HPRegen 0.24/turn    (no ring)
MPRegen 0.09/turn

%: clarity
@: no status effects
A: antennae 2, rugged brown scales 1, agile 1, clarity, frail 1
a: no special abilities


You were on level 3 of the Dungeon.
You visited 1 branch of the dungeon, and saw 3 of its levels.

You collected 81 gold pieces.


Innate Abilities, Weirdness & Mutations

You have a pair of antennae on your head.
You are partially covered in rugged brown scales. (AC +1, +3% HP)
You are agile. (Dex +4, Str/Int -1)
You possess an exceptional clarity of mind.
You are frail. (-10% HP)


   Skills:
 - Level 1.0 Fighting
 + Level 4.5 Ranged Weapons
 - Level 1.7 Dodging
 - Level 1.0 Spellcasting
 - Level 3.0 Hexes


You had 4 spell levels left.
You knew the following spells:

 Your Spells              Type           Power      Damage    Failure   Level
s - Slow                  Hex            32%        N/A       9%          1

Your spell library contained the following spells:

 Spells                   Type           Power      Damage    Failure   Level
 Poisonous Vapours        Pois/Air       0%         N/A       38%         2
 Inner Flame              Hex/Fire       4%         N/A       41%         3
 Portal Projectile        Hex/Tloc       8%         N/A       41%         3
 Mephitic Cloud           Conj/Pois/Air  0%         N/A       63%         3
 Cause Fear               Hex            4%         N/A       63%         4
 Freezing Cloud           Conj/Ice/Air   0%         6-21      100%        5

Inventory:

Hand Weapons
 a - a +1 sling
 b - a +2 whip of venom (weapon)
 l - a +0 dagger
Missiles
 h - 5 boomerangs
Armour
 c - a +0 robe (worn)
Magical Staves
 n - a staff of conjuration {!a}
Wands
 p - a wand of mindburst (16)
Scrolls
 e - a scroll of immolation {unknown}
 g - 3 scrolls of vulnerability {unknown}
 i - 2 scrolls of enchant weapon {unknown}
 j - 4 scrolls of butterflies {unknown}
 k - a scroll of magic mapping {unknown}
 m - a scroll of poison
 q - a scroll of fear {unknown}
Potions
 d - a potion of heal wounds {unknown}

Dungeon Overview and Level Annotations

Branches:
Dungeon (3/15)

Altars:

###### #..... #######
#.###. ....... #.###.
......o############.#...
.....oo@........^...'...
......o##.#########.#...
....... #.#.............
....... #.#.............
.>..... #.#.............
#.##### #.###...........
# ######'###..######...
#..............# #...
#........##.#### #...


You could see an orc priest (very poisoned) and 3 orcs.


Message History

Found a chain mail.
You open the door.
There is an open door here.
You sense a monster nearby.
You open the door. 3 orcs and an orc priest come into view.
The orc shouts! x2; The orc priest shouts!
The orc priest calls down the wrath of Beogh upon you.
Pain shoots through your body!
Found a stone staircase leading down.
Your +2 whip of venom begins to drip with poison!
b - a +2 whip of venom (weapon)
The orc priest looks satisfied for a moment.
The orc priest closely misses you.
There is an open door here.
You hit the orc priest but do no damage.
The orc priest is poisoned.
The orc priest hits you with a +0 club. The orc hits you with a +0 whip.
* * * LOW HITPOINT WARNING * * *
Unknown command.
You hit the orc priest but do no damage.
The orc priest looks even sicker.
The orc priest mumbles some strange prayers to Beogh against you.
Pain shoots through your body!
* * * LOW HITPOINT WARNING * * *
The orc misses you. The orc completely misses you.
You closely miss the orc priest. The orc priest hits you with a +0 club.
* * * LOW HITPOINT WARNING * * *
The orc hits you with a +0 dagger.
You die...

Skill      XL: |  1  2  3 |
---------------+----------+-----
Ranged Weapons | 2 3 4 |  4.5
Fighting       | |  1.0
Dodging        | |  1.7
Spellcasting   | |  1.0
Hexes          | |  3.0

Action                     |  1- 3 |  4- 6 || total
---------------------------+-------+-------++-------
  Melee: Whip              |    27 |    20 ||    47
   Fire: Sling             |    95 |    14 ||   109
   Cast: Slow              |     5 |       ||     5
    Use: Potion            |     3 |       ||     3
 Armour: Robe              |    11 |     5 ||    16
         Skin              |    15 |       ||    15
  Dodge: Dodged            |    41 |    21 ||    62

Levels and vault maps discovered:
D:1:      minmay_arrival_four_circles, layout_rooms,
          hangedman_abyss_or_decor_stabs
D:2:      layout_basic
D:3:      layout_basic, ebering_ecumenical_altar_rust, corexii_hall_statues_u

Notes
Turn   | Place    | Note
-------+----------+-------------------------------------------
     0 | D:1      | Jackthecabe the Demonspawn Hexslinger began the quest for
                  | the Orb.
     0 | D:1      | Reached XP level 1. HP: 15/15 MP: 2/2
    18 | D:1      | Reached skill level 2 in Ranged Weapons
    32 | D:1      | You fall into a shaft and drop 1 floor!
   195 | D:1      | Gained mutation: You are partially covered in rugged brown
                  | scales. (AC +1, +3% HP) [demonic ancestry]
   195 | D:1      | Reached XP level 2. HP: 15/21 MP: 3/3
   562 | D:1      | Reached skill level 3 in Ranged Weapons
   951 | D:2      | Gained mutation: You have a pair of small antennae on your
                  | head. [demonic ancestry]
   951 | D:2      | Reached XP level 3. HP: 16/26 MP: 4/4
  1529 | D:3      | Found a faded altar of an unknown god.
  1544 | D:3      | Gained mutation: You are frail. (-10% HP) [potion of
                  | mutation]
  1544 | D:3      | Gained mutation: You possess an exceptional clarity of
                  | mind. [potion of mutation]
  1544 | D:3      | Gained mutation: You are agile. (Dex +4, Str/Int -1)
                  | [potion of mutation]
  1548 | D:3      | HP: 1/36 [something/magic dart (4)]
  1552 | D:3      | Reached skill level 4 in Ranged Weapons
  1552 | D:3      | Gained mutation: You have a pair of antennae on your head.
                  | [demonic ancestry]
  1552 | D:3      | Reached XP level 4. HP: 2/29 MP: 5/5
  2095 | D:3      | HP: 2/29 [orc priest/+0 club (3)]
  2095 | D:3      | Slain by an orc

Vanquished Creatures
  An orc wizard (D:3)
  3 gnolls (D:3)
  3 worms (D:2)
  3 dart slugs
  3 bats
  6 endoplasms
  A giant cockroach (D:1)
  5 goblins
  5 hobgoblins
  2 jackals (D:1)
  2 quokkas
  4 ball pythons
  4 frilled lizards
  2 kobolds
  A rat (D:2)
45 creatures vanquished.

Table legend: (Time is in decaauts)
 A = Elapsed time spent in this place.
 B = Non-inter-level travel time spent in this place.
 C = Inter-level travel time spent in this place.
 D = Time resting spent in this place.
 E = Time spent auto-exploring this place.
 F = Levels seen in this place.
 G = Mean time per level.
                   A        B        C        D        E       F      G
               +--------+--------+--------+--------+--------+-----+--------+
         Total |   2122 |   2060 |     62 |    171 |   1360 |   3 |  707.3 |
       Dungeon |   2122 |   2060 |     62 |    171 |   1360 |   3 |  707.3 |
               +--------+--------+--------+--------+--------+-----+--------+

Top non-repeatable levels by time:
     D:2: 842 daAuts
     D:1: 679 daAuts
     D:3: 601 daAuts

Table legend:
 A = Non-vault XP
 B = Vault XP
 C = Vault XP percentage of total XP
 D = Non-vault monster count
 E = Vault monster count
 F = Vault count percentage of total count
                 A         B        C        D         E       F
            +---------+---------+-------+---------+---------+-------
      Total |     165 |       0 |   0.0 |      45 |       0 |   0.0
            +---------+---------+-------+---------+---------+-------
        D:1 |      27 |       0 |   0.0 |      16 |       0 |   0.0
        D:2 |      45 |       0 |   0.0 |      20 |       0 |   0.0
        D:3 |      93 |       0 |   0.0 |       9 |       0 |   0.0
            +---------+---------+-------+---------+---------+-------
